 Dungeon Crawl Stone Soup version 0.27-a0-148-g9515ab555c (webtiles) character file.

Game seed: 1571706490954307933

175 jasper the Chopper (level 5, 5/43 HPs)
             Began as a Palentonga Warper on Jan 26, 2021.
             Quit the game on level 4 of the Dungeon.
             The game lasted 00:06:00 (2632 turns).

jasper the Chopper (Palentonga Warper)              Turns: 2632, Time: 00:06:01

Health: 5/43       AC:  6    Str: 14    XL:     5   Next: 29%
Magic:  8/8        EV:  9    Int: 14    God:
Gold:   185        SH:  0    Dex: 10    Spells: 8/8 levels left

rFire    . . .     SeeInvis +   a - +0 hand axe
rCold    . . .     Faith    .   (no shield)
rNeg     . . .     Spirit   .   b - +1 leather armour
rPois    +         Reflect  .   r - +0 helmet
rElec    .         Harm     .   (no cloak)
rCorr    .         Rampage  .   (no gloves)
Will     +....                  (no barding)
Stlth    +.........             (no amulet)
HPRegen  0.14/turn              i - ring of poison resistance
MPRegen  0.11/turn              o - ring of willpower

@: no status effects
A: large, rugged brown scales 3, see invisible, deformed body, roll 1, armoured
tail
a: Rolling Charge


You were on level 4 of the Dungeon.
You visited 1 branch of the dungeon, and saw 4 of its levels.

You collected 185 gold pieces.

Inventory:

Hand Weapons
 a - a +0 hand axe (weapon)
Missiles
 e - 4 boomerangs of dispersal
 f - 29 bolts
 h - 66 stones (quivered)
Armour
 b - a +1 leather armour (worn)
 r - a +0 helmet (worn)
Jewellery
 i - a ring of poison resistance (left hand)
 j - a +6 ring of dexterity
 l - an uncursed ring of protection from fire
 o - a ring of willpower (right hand)
Scrolls
 p - a scroll of enchant armour
Potions
 g - a potion of mutation


   Skills:
 - Level 2.0 Fighting
 + Level 5.6 Axes
 - Level 0.6 Throwing
 - Level 0.7 Armour
 - Level 1.5 Dodging
 - Level 2.0 Spellcasting
 - Level 3.0 Translocations


You had 8 spell levels left.
You didn't know any spells.
Your spell library contained the following spells:

 Spells                   Type           Power        Failure   Level
 Blink                    Tloc           N/A          13%         2
 Gell's Gravitas          Tloc           4%           26%         3
 Lesser Beckoning         Tloc           4%           26%         3
 Teleport Other           Tloc           9%           26%         3
 Passage of Golubria      Tloc           N/A          65%         4


Dungeon Overview and Level Annotations

Branches:
Dungeon (4/15)
 Temple: D:4-7

Altars:
Elyvilon
Hepliaklqana
Sif Muna
Xom

Annotations:
D:3 Ijyb, Terence


Innate Abilities, Weirdness & Mutations

You are completely covered in rugged brown scales. (AC +3, +7% HP)
You have supernaturally acute eyesight. (SInv)
Armour fits poorly on your strangely shaped body.
You can roll at nearby foes to attack.
You have a long armoured tail.


Message History

The orc hits you but does no damage. The worker ant barely misses you.
The jackal misses you. The worker ant bites you.
* * * LOW HITPOINT WARNING * * *
You take 1 damage, and have 12/43 hp.
Found 11 gold pieces.
The jackal closely misses you.
The orc wizard gestures wildly while chanting.
The orc wizard seems to speed up.
The jackal barely misses you. The phantom barely misses you.
You closely miss the jackal. You hit the phantom. You hit the jackal.
You hit the jackal but do no damage.
The jackal bites you but does no damage.
The phantom hits you!
* * * LOW HITPOINT WARNING * * *
You take 7 damage, and have 5/43 hp.
Okay, then.
You aren't carrying any items that you can evoke.
Unknown command.
Are you sure you want to abandon this character and quit the game? (Confirm with "yes".)

....#.......## ......
##.........### .....
#....h....## .)...
##....ยง...# .....
##..<.....#
.....####..##...##....
....h.##.......# #...
#hW.oW.(....# ..#
#@ho###...........
#h#o.......(##....
#r##..............
#BZ............ .
#..............
#...............
...#.......#......
...##..###### .....
#.##


You could see 2 phantoms, a worker ant, an orc wizard (fast), 2 orcs, a quokka,
4 jackals and an adder skeleton.

Vanquished Creatures
  A hound (D:2)
  A bullfrog skeleton (D:4)
  5 adders
  An ooze (D:2)
  3 worms (D:2)
  3 dart slugs
  An orc (D:3)
  15 bats
  2 giant cockroaches
  4 goblins
  8 hobgoblins
  A quokka (D:3)
  5 frilled lizards
  5 kobolds
  6 rats
61 creatures vanquished.

Vanquished Creatures (others)
  A bat (D:3)
1 creature vanquished.

Grand Total: 62 creatures vanquished

Notes
Turn   | Place    | Note
-------+----------+-------------------------------------------
     0 | D:1      | jasper the Palentonga Warper began the quest for the Orb.
     0 | D:1      | Reached XP level 1. HP: 18/18 MP: 3/3
   100 | D:1      | Reached XP level 2. HP: 11/25 MP: 5/5
   485 | D:1      | Reached skill level 3 in Axes
  1023 | D:1      | Reached XP level 3. HP: 31/31 MP: 6/6
  1356 | D:2      | Reached skill level 4 in Axes
  1492 | D:2      | Reached XP level 4. HP: 32/38 MP: 7/7
  1773 | D:2      | Reached skill level 5 in Axes
  2119 | D:2      | Found a bloodstained altar of Trog.
  2121 | D:2      | Found a hazy altar of Hepliaklqana.
  2121 | D:2      | Found a shimmering blue altar of Sif Muna.
  2123 | D:2      | Found a shadowy altar of Dithmenos.
  2123 | D:2      | Found a glowing golden altar of the Shining One.
  2123 | D:2      | Found a shimmering altar of Xom.
  2402 | D:3      | Reached XP level 5. HP: 33/43 MP: 8/8
  2514 | D:3      | Noticed Terence
  2515 | D:3      | Noticed Ijyb
  2563 | D:4      | Noticed a phantom
  2566 | D:4      | Noticed a phantom
  2578 | D:4      | Found a white marble altar of Elyvilon.
  2632 | D:4      | Quit the game

Illustrated notes

Levels and vault maps discovered:
D:1:      lightli_arrival_farm, layout_basic
D:2:      layout_loops_ring, doesnt_xom_only_xom
D:3:      layout_rooms, uniq_ijyb, uniq_terence
D:4:      layout_cave_pools, minmay_temple_entry_purple_smoke,
          amcnicky_altar_gilded

Skill      XL: |  1  2  3  4 |
---------------+-------------+-----
Axes           | 3 4 5 |  5.6
Fighting       | |  2.0
Throwing       | |  0.6
Armour         | |  0.7
Dodging        | |  1.5
Spellcasting   | |  2.0
Translocations | |  3.0

Action                   |  1- 3 |  4- 6 || total
-------------------------+-------+-------++-------
Melee: Hand axe          |   104 |   109 ||   213
       Tailslap          |    11 |     8 ||    19
Throw: Stone             |    15 |    30 ||    45
       Boomerang         |     1 |       ||     1
 Abil: Rolling Charge    |    26 |    16 ||    42
  Use: Scroll            |     3 |     5 ||     8
       Potion            |     1 |     3 ||     4
Armor: Leather armour    |    49 |    75 ||   124
       Skin              |     3 |       ||     3
Dodge: Dodged            |    36 |    93 ||   129

Table legend: (Time is in decaauts)
 A = Elapsed time spent in this place.
 B = Non-inter-level travel time spent in this place.
 C = Inter-level travel time spent in this place.
 D = Time resting spent in this place.
 E = Time spent auto-exploring this place.
 F = Levels seen in this place.
 G = Mean time per level.
                   A        B        C        D        E       F      G
               +--------+--------+--------+--------+--------+-----+--------+
         Total |   2670 |   2577 |     93 |    258 |   1784 |   4 |  667.5 |
       Dungeon |   2670 |   2577 |     93 |    258 |   1784 |   4 |  667.5 |
               +--------+--------+--------+--------+--------+-----+--------+

Top non-repeatable levels by time:
     D:1: 1288 daAuts
     D:2: 982 daAuts
     D:3: 329 daAuts
     D:4: 69 daAuts
